 Dungeon Crawl Stone Soup version 0.17-a0-1920-gafa4d75 (webtiles) character file.

19077 4thArraOfDagon the Cleaver (level 12, 0/116 HPs)
             Began as a Naga Berserker on Sept 27, 2015.
             Was a Priest of Trog.
             Killed from afar by Josephine (28 damage)
             ... with a ghostly fireball
             ... on level 14 of the Dungeon.
             The game lasted 00:31:14 (4695 turns).

4thArraOfDagon the Cleaver (Naga Berserker)         Turns: 4695, Time: 00:31:14

Health: 0/116      AC: 17    Str: 18    XL:     12   Next: 65%
Magic:  11/13      EV:  5    Int: 12    God:    Trog [***...]
Gold:   117        SH:  0    Dex: 18    Spells: 0 memorised, 11 levels left

rFire  + + +     SeeInvis +     z - +0 war axe
rCold  . . .     Clarity  .     d - +0 chain mail
rNeg   . . .     SustAt   .     (no shield)
rPois  +         Gourm    .     (helmet restricted)
rElec  .         Spirit   .     I - +0 cloak "Coimpod" {rF+++ rC- Int+3 SInv}
rCorr  .         Warding  .     (no gloves)
rMut   .         Rnd*Tele +     b - +0 naga barding
MR     +++..                    (no amulet)
Stlth  ..........               D - ring of protection from cold
                                j - ring of teleportation

@: lethally poisoned (0 -> 0), exhausted, short of breath, regenerating, very
slow, extremely resistant to hostile enchantments, extremely unstealthy
A: antennae 1, claws 1, thin skeletal structure 1, see invisible, agile 2,
deformed body, dopey 1, low mp 2, sense surroundings 1, poison resistance,
slowness 2, slow metabolism 1, spit poison 3, weak 1, subdued magic 1, AC +4
a: Breathe Poison Gas, Burn Spellbooks, Berserk, Trog's Hand, Renounce Religion,
Evoke Teleportation


You were on level 14 of the Dungeon.
You worshipped Trog.
Trog was most pleased with you.
You were hungry.

You visited 1 branch of the dungeon, and saw 13 of its levels.
You also visited: Labyrinth, Sewer, Ossuary and Bailey.

You collected 599 gold pieces.
You spent 482 gold pieces at shops.

Inventory:

Hand weapons
 o - a +0 blowgun
 z - a +0 war axe (weapon)
Missiles
 p - 81 poisoned needles
 q - 3 curare-tipped needles
Armour
 b - a +0 naga barding (worn)
 d - a +0 chain mail (worn)
 I - the +0 cloak "Coimpod" (worn) {rF+++ rC- Int+3 SInv}
   (You bought it in a shop on level 14 of the Dungeon)

   It affects your intelligence (+3).
   It renders you almost immune to fire.
   It makes you vulnerable to cold.
   It lets you see invisible.
Jewellery
 j - a ring of teleportation (left claw)
 s - an uncursed ring of ice
 v - an uncursed ring of protection from magic
 D - a ring of protection from cold (right claw)
Magical devices
 u - a wand of teleportation (1)
 J - a wand of cold (10)
Scrolls
 a - a scroll of immolation {unknown}
 c - 2 scrolls of fog {unknown}
 e - 2 scrolls of amnesia {unknown}
 f - a scroll of blinking {unknown}
 k - a scroll of remove curse
 l - a scroll of holy word {unknown}
 w - 3 scrolls of random uselessness {unknown}
 y - a scroll of enchant weapon {unknown}
 A - a scroll of enchant armour {unknown}
 H - a scroll of vulnerability {unknown}
 K - a scroll of summoning {unknown}
 L - 2 scrolls of teleportation {unknown}
Potions
 g - a potion of berserk rage
 i - 2 potions of magic {unknown}
 m - 6 potions of agility
 n - 3 potions of curing
 t - 2 potions of flight
 x - 3 potions of haste
 B - a potion of lignification
 C - a potion of brilliance
 F - a potion of ambrosia {unknown}
 G - a potion of cancellation {unknown}
Books
 M - a book of Ice

   Spells                             Type                      Level
   a - Ice Form                       Ice/Transmutation            4
   b - Metabolic Englaciation         Hexes/Ice                    5
   c - Ozocubu's Refrigeration        Ice                          6
   d - Bolt of Cold                   Conjuration/Ice              6
   e - Freezing Cloud                 Conjuration/Ice/Air          6
   f - Simulacrum                     Ice/Necromancy               6
   Trog disapproves of the use of such an item.
 O - the Volume of Boosting Displacement
   (You found it in a labyrinth)

   Spells                             Type                      Level
   a - Shroud of Golubria             Charms/Translocation         2
   b - Gell's Gravitas                Hexes/Translocation          3
   c - Teleport Other                 Translocation                3
   d - Force Lance                    Conjuration/Translocation    4
   e - Passage of Golubria            Translocation                4
   f - Warp Weapon                    Charms/Translocation         5
   g - Summon Forest                  Summoning/Translocation      5
   h - Phase Shift                    Translocation                5
   Trog disapproves of the use of such an item.
 P - the Disquisition on Good Luck and Lightness
   (You found it in a labyrinth)

   Spells                             Type                      Level
   a - Repel Missiles                 Charms/Air                   2
   b - Swiftness                      Charms/Air                   2
   c - Regeneration                   Charms/Necromancy            3
   d - Spectral Weapon                Hexes/Charms                 3
   e - Excruciating Wounds            Charms/Necromancy            5
   f - Deflect Missiles               Charms/Air                   6
   g - Haste                          Charms                       6
   h - Ring of Flames                 Charms/Fire                  7
   Trog disapproves of the use of such an item.
 Q - a book of Dreams

   Spells                             Type                      Level
   a - Ensorcelled Hibernation        Hexes/Ice                    2
   b - Phase Shift                    Translocation                5
   c - Shadow Creatures               Summoning                    5
   d - Silence                        Hexes/Air                    5
   e - Darkness                       Hexes                        6
   f - Mass Confusion                 Hexes                        6
   Trog disapproves of the use of such an item.
Miscellaneous
 E - a plain deck of wonders
Comestibles
 h - 2 meat rations
 N - a bread ration


   Skills:
 + Level 9.9 Fighting
 * Level 13.2 Axes
 + Level 8.1 Armour
 + Level 4.2 Dodging
 - Level 7.0 Evocations


You had 11 spell levels left.
You didn't know any spells.

Dungeon Overview and Level Annotations

Branches:
Dungeon (14/15)            Vaults (0/5) D:14
 Temple: D:4-7         Lair: D:8-11         Orc: D:9-12

Altars:
Nemelex Xobeh
Okawaru
Xom
The Shining One

Shops:
D:6 =   D:14 ?[*

Annotations:
D:6 TMEPLe
D:11 ORC
D:14 Agnes, Josephine


Innate Abilities, Weirdness & Mutations

You cannot wear boots.
Your serpentine skin is tough (AC +4).
You have supernaturally acute eyesight.
Armour fits poorly on your strangely shaped body.
Your system is resistant to poisons.
You cover ground very slowly.
You have a slow metabolism.
You can exhale a cloud of poison.
You have a pair of small antennae on your head.
You have sharp fingernails.
You have a somewhat thin skeletal structure (Dex +2, Stealth).
You are very agile. (Dex +4)
You are dopey. (Int -2)
Your magical capacity is very low (-20% MP).
You passively map a small area around you.
You are weak. (Str -2)
Your spells are a little easier to cast, but a little less powerful.


Message History

Unknown command.
Unknown command.
Use which ability?
You fail to use your ability.
You feel sick.
Josephine gestures at you while chanting.
The ghostly flame explodes!
The ghostly fireball engulfs the wraith.
The ghostly fireball engulfs you!
* * * LOW HITPOINT WARNING * * *
The ghostly fireball engulfs the wraith.
The wraith hits you but does no damage.
Unknown command.
Unknown command.
Drink which item? (? for menu, Esc to quit)
You feel much better.
You feel sick.
Josephine points at you and mumbles some strange words.
The ghostly flame explodes!
The ghostly fireball engulfs the wraith.
The ghostly fireball engulfs you!
You die...

*+**+*****,,,,* **
*,,+,,+,,+,,,,* *,
*,##+###,*,.,,* *,
*,#....#+#..,,* *,
##+#......@W.,,* ##
#.$.......W#+*** #.
#..........+,,,* #.
#.....W....#,,,* #.
****#@W.#+**,,,* ##
#...'.#**+** #.
#...#+#*,,** ##
##+#.[,*,,,* #)
*,,*...+,,,* #.
*,,+,..#,,,* #.
******'*,,.#*,** #.
*,,,,,,,*+##**#######.
*,,,,,,,*,,,* #.......


You could see Josephine and 4 wraiths.

Vanquished Creatures
  A minotaur (Lab)
  A fire dragon (D:12)
  4 vault guards (D:14)
  A centaur warrior (D:14)
  2 unseen horrors
  An orc knight (Bailey)
  3 ugly things
  A cyclops (D:14)
  A griffon (D:12)
  3 gargoyles
  2 centaur skeletons
  A komodo dragon (D:10)
  2 trolls (D:11)
  15 yaks
  2 shadows (D:12)
  4 hungry ghosts
  A wyvern (D:12)
  A steam dragon (D:8)
  A basilisk (D:11)
  2 hippogriffs
  Menkaure (D:6)
  2 ice beasts (D:8)
  4 orc warriors
  3 sky beasts
  2 ogres
  4 big kobolds
  10 centaurs
  5 giant frogs
  3 scorpions
  A water moccasin skeleton (D:6)
  A wyvern skeleton (D:8)
  7 killer bees
  A spriggan skeleton (Lab)
  6 wights
  3 crimson imps
  A quasit (D:12)
  2 hounds
  A giant frog zombie (D:8)
  3 orc priests
  A jelly (D:10)
  4 orc wizards
  4 sheep (D:14)
  An iguana (D:10)
  5 worker ants
  A killer bee zombie (D:10)
  3 ogre skeletons (Lab)
  8 mummies (Ossuary)
  3 shadow imps
  6 adders
  A worm (D:5)
  3 giant geckos
  23 orcs
  3 bats
  A gnoll zombie (Ossuary)
  6 goblins
  3 hobgoblins
  28 kobolds
  2 ball pythons (Sewer)
  A giant cockroach (D:4)
  A giant newt (D:6)
  3 hobgoblin zombies (Ossuary)
  4 orc zombies (Ossuary)
  2 quokkas
  5 rats
231 creatures vanquished.

Vanquished Creatures (collateral kills)
  3 hungry ghosts (Lab)
3 creatures vanquished.

Vanquished Creatures (others)
  An unseen horror (Lab)
1 creature vanquished.

Grand Total: 235 creatures vanquished

Notes
Turn   | Place    | Note
--------------------------------------------------------------
     0 | D:1      | 4thArraOfDagon the Naga Berserker began the quest for the Orb.
     0 | D:1      | Reached XP level 1. HP: 21/21 MP: 1/1
    86 | D:1      | Reached XP level 2. HP: 24/28 MP: 2/2
   155 | D:2      | Found a glowing golden altar of the Shining One.
   170 | D:2      | You fall through a shaft for 2 floors!
   179 | D:4      | Reached XP level 3. HP: 34/34 MP: 3/3
   272 | D:4      | Reached skill level 4 in Axes
   288 | D:4      | Reached XP level 4. HP: 34/42 MP: 4/4
   301 | D:4      | Found a glowing drain.
   309 | Sewer    | Entered a sewer
   325 | Sewer    | Noticed a big kobold
   330 | Sewer    | Acquired Trog's second power
   340 | Sewer    | Killed a big kobold
   340 | Sewer    | Reached XP level 5. HP: 50/50 MP: 5/5
   403 | Sewer    | Noticed a big kobold
   414 | Sewer    | Killed a big kobold
   414 | Sewer    | Reached skill level 5 in Axes
   466 | D:5      | Entered Level 5 of the Dungeon
   478 | D:5      | Found a sparkling altar of Nemelex Xobeh.
   505 | D:5      | Noticed a sky beast
   517 | D:5      | Killed a sky beast
   517 | D:5      | Reached XP level 6. HP: 36/57 MP: 6/6
   521 | D:5      | Gained mutation: You are agile. (Dex +2) [mutagenic meat]
   660 | D:6      | Found a sand-covered staircase.
   674 | D:6      | Reached XP level 7. HP: 66/66 MP: 7/7
   687 | Ossuary  | Entered an ossuary
   789 | Ossuary  | Reached skill level 6 in Axes
   985 | Ossuary  | Gained mutation: You can exhale a cloud of poison. [potion of mutation]
   985 | Ossuary  | Gained mutation: You are very agile. (Dex +4) [potion of mutation]
   985 | Ossuary  | Gained mutation: Your tail ends in a poisonous barb. [potion of mutation]
   986 | Ossuary  | Gained mutation: You passively map a small area around you. [potion of mutation]
   986 | Ossuary  | Gained mutation: Your magical capacity is low (-10% MP). [potion of mutation]
   986 | Ossuary  | Gained mutation: Your spells are a little easier to cast, but a little less powerful. [potion of mutation]
  1018 | D:6      | Found Iroedes's Jewellery Shop.
  1060 | D:6      | Bought a cursed ring of teleportation for 203 gold pieces
  1184 | D:5      | Reached skill level 5 in Fighting
  1215 | D:6      | Found an iron altar of Okawaru.
  1391 | D:6      | Noticed a yak
  1396 | D:6      | Killed a yak
  1396 | D:6      | Reached skill level 1 in Evocations
  1396 | D:6      | Reached XP level 8. HP: 74/74 MP: 6/8
  1448 | D:6      | Noticed Menkaure
  1464 | D:6      | Killed Menkaure
  1464 | D:6      | Reached skill level 7 in Axes
  1502 | D:6      | Noticed a wizard
  1502 | D:6      | Noticed a hill giant
  1644 | D:7      | Gained mutation: You are weak. (Str -2) [mutagenic meat]
  1646 | D:7      | Gained mutation: You have a pair of small antennae on your head. [mutagenic meat]
  1729 | D:8      | Reached skill level 8 in Axes
  1729 | D:8      | Reached XP level 9. HP: 82/82 MP: 10/10
  1832 | D:8      | Reached skill level 5 in Armour
  2158 | D:10     | Entered Level 10 of the Dungeon
  2220 | D:10     | Reached skill level 9 in Axes
  2270 | D:10     | Noticed a gargoyle
  2270 | D:10     | Noticed a komodo dragon
  2278 | D:10     | Killed a komodo dragon
  2281 | D:10     | Killed a gargoyle
  2281 | D:10     | Reached XP level 10. HP: 47/94 MP: 12/12
  2340 | D:10     | Noticed a centaur skeleton
  2343 | D:10     | Reached skill level 5 in Evocations
  2353 | D:10     | Killed a centaur skeleton
  2353 | D:10     | Reached skill level 10 in Axes
  2766 | D:11     | Noticed an unseen horror
  2774 | D:11     | Killed an unseen horror
  2774 | D:11     | Reached skill level 11 in Axes
  2798 | D:11     | Found a flagged portal.
  2803 | Bailey   | Entered a bailey
  2870 | Bailey   | Reached XP level 11. HP: 100/103 MP: 14/14
  2910 | Bailey   | Noticed an orc knight
  2921 | Bailey   | Killed an orc knight
  2944 | Bailey   | Found a bloodstained altar of Trog.
  2953 | Bailey   | Got an ichor-stained leather armour
  2974 | Bailey   | Identified the cursed +1 leather armour of Mezcal {Int+4} (You found it in a bailey)
  3079 | D:11     | Acquired Trog's third power
  3095 | D:11     | :(
  3095 | D:11     | TROLL
  3521 | D:12     | Noticed an unseen horror
  3526 | D:12     | Killed an unseen horror
  3538 | D:12     | Found a shimmering altar of Xom.
  3571 | D:12     | Noticed a fire dragon
  3591 | D:12     | Reached skill level 12 in Axes
  3599 | D:12     | Killed a fire dragon
  3603 | D:12     | Lost mutation: Your tail ends in a poisonous barb. [mutagenic meat]
  3604 | D:12     | Gained mutation: You have a somewhat thin skeletal structure (Dex +2, Stealth). [mutagenic meat]
  3605 | D:12     | Gained mutation: Your magical capacity is very low (-20% MP). [mutagenic meat]
  3614 | D:12     | :(
  3622 | D:12     | Gained mutation: You have sharp fingernails. [potion of mutation]
  3622 | D:12     | Gained mutation: You are dopey. (Int -2) [potion of mutation]
  3754 | D:14     | Found Onlalam's Magic Scroll Emporium.
  3758 | D:14     | Bought a scroll of identify for 32 gold pieces
  3770 | D:14     | Found Cumnahiu's Antique Armour Shop.
  3778 | D:14     | Bought a translucent cloak for 247 gold pieces
  3783 | D:14     | Identified the +0 cloak "Coimpod" {rF+++ rC- Int+3 SInv} (You bought it in a shop on level 14 of the Dungeon)
  3866 | D:14     | Found a labyrinth entrance.
  3874 | Lab      | Entered a labyrinth
  4079 | Lab      | Noticed a minotaur
  4128 | Lab      | Noticed an unseen horror
  4131 | Lab      | Killed an unseen horror
  4138 | Lab      | Reached XP level 12. HP: 90/114 MP: 13/13
  4248 | Lab      | Killed a minotaur
  4266 | Lab      | Identified the Volume of Boosting Displacement
  4269 | Lab      | Identified the Disquisition on Good Luck and Lightness
  4273 | Lab      | :(
  4273 | Lab      | WASTED
  4304 | D:14     | Noticed Agnes
  4314 | D:14     | Noticed a centaur warrior
  4324 | D:14     | Killed a centaur warrior
  4399 | D:14     | Noticed a vault guard
  4409 | D:14     | Noticed a vault guard
  4427 | D:14     | Killed a vault guard
  4429 | D:14     | Killed a vault guard
  4461 | D:14     | Noticed a vault guard
  4475 | D:14     | Killed a vault guard
  4475 | D:14     | Reached skill level 13 in Axes
  4516 | D:14     | Noticed a vault guard
  4559 | D:14     | Noticed a vault guard
  4570 | D:14     | Killed a vault guard
  4628 | D:14     | Found a gate to the Vaults.
  4640 | D:14     | Found Ostakk's Assorted Antiques.
  4691 | D:14     | Noticed Josephine
  4694 | D:14     | HP: 2/116 [Josephine/ghostly fireball (33)]
  4695 | D:14     | Killed from afar by Josephine

Vault maps used:
D:1:      dpeg_arrival_three_smaller_balls
D:2:      nicolae_tso_swordbearing_angel, uniq_crazy_yiuf_cottage, uniq_iyjb,
          uniq_terence
D:4:      minmay_door_path, lemuel_crystal_altar, gup_sewer_entry_bubbles,
          first_bread
D:5:      nemelex_diamond_rough_becter, uniq_grinder
D:6:      minmay_klotski, kennysheep_mini, temple_hall, enter_ossuary_1,
          serial_shops, shop, kennysheep_generic_room_16, uniq_menkaure
D:8:      old_standard_altar
D:9:      lemuel_round_altar, lair_0_dummy, uniq_grum
D:11:     zombieorc1_lemuel, enter_bailey_3, special_room
D:12:     basic_altar
D:14:     erik_vaults_2, serial_shops, nicolae_shop_overgrown_old_shop, shop,
          shop, shop, minmay_misc_feat_plants, lab_entry_generic, uniq_agnes,
          uniq_josephine
Lab:      nicolae_lab_dead_adventurers, labyrinth_skeletal_remains,
          nicolae_lab_grate, nicolae_lab_dead_end, nicolae_lab_very_dead_end,
          lab_statue, nicolae_lab_swirl, lab_block, nicolae_lab_statue,
          labyrinth_glass_1, nicolae_lab_t_cross, nicolae_lab_arrow,
          nicolae_lab_stuck, nicolae_lab_checkerboard
Sewer:    kennysheep_pipe_town
Ossuary:  ossuary_tomb_3
Bailey:   bailey_axe_3, bailey

Action                   |  1- 3 |  4- 6 |  7- 9 | 10-12 || total
-------------------------+-------+-------+-------+-------++-------
Melee: Hand axe          |    32 |    61 |    60 |       ||   153
       War axe           |       |       |   148 |   442 ||   590
 Fire: Blowgun           |       |     4 |       |       ||     4
Invok: Berserk           |     1 |     3 |    11 |    13 ||    28
       Trog's Hand       |       |       |     5 |    23 ||    28
       Brothers in Arms  |       |       |       |     1 ||     1
 Abil: Spit Poison       |    10 |     6 |       |       ||    16
       Breathe Poison Ga |       |       |    12 |    32 ||    44
       Evoke Teleportati |       |       |       |     4 ||     4
Evoke: Wand              |       |       |     1 |     3 ||     4
  Use: Scroll            |       |       |    11 |     5 ||    16
       Potion            |       |       |     3 |     4 ||     7
  Eat: Chunk             |       |     4 |    21 |    39 ||    64
       Fruit             |       |       |     1 |       ||     1
       Pizza             |       |       |     1 |       ||     1
       Beef jerky        |       |       |     1 |       ||     1
       Meat ration       |       |       |       |     2 ||     2
       Bread ration      |       |       |       |     1 ||     1
